Map: Royal Blood LE

Players

winzboy

  • Race: Terran Terran
  • League: Gold
  • Spawn Location: 1:00

孤猎 - Winner!

  • Race: Terran Terran
  • Spawn Location: 7:00

VOD

Have the link to the VOD?

Description

Time

  • Played on: May 30, 2023, 12:44 a.m.
  • Length: 5:58
Show
View Real Time Build Order
Export as new Build Order

winzboy Terran 

Build Orders:  

Get SALT Encoding   

  12  0:02  SCV  
  13  0:16  Supply Depot  
  13  0:19  SCV  
  14  0:34  SCV  
  15  0:42  Barracks  
  15  0:46  SCV, Refinery  
  16  0:59  SCV  
  17  1:11  SCV  
  18  1:23  SCV  
  19  1:30  Supply Depot  
  19  1:32  Marine  
  20  1:37  Orbital Command  
  20  1:54  Command Center  
  20  2:02  Refinery  
  20  2:06  Barracks Reactor  
  20  2:11  SCV  
  21  2:23  SCV  
  22  2:33  Barracks  
  22  2:35  SCV  
  23  2:43  Marine  
  23  2:44  Marine  
  25  2:47  SCV  
  26  2:59  SCV  
  26  3:05  Barracks  
  27  3:08  Marine  
  27  3:11  SCV  
  29  3:17  SCV  
  30  3:23  SCV  
  31  3:29  SCV  
  31  3:32  Factory  
  32  3:36  Barracks Tech Lab  
  32  3:38  Marine x2  
  34  3:45  Supply Depot  
  34  3:47  Supply Depot  
  34  3:55  Supply Depot  
  34  3:56  Marine x2  
  34  3:59  Barracks Reactor  
  36  4:03  Marine  
  36  4:09  SCV x2  
  39  4:13  Marine  
  39  4:14  Marine  
  41  4:19  Supply Depot  
  41  4:21  SCV, Marauder  
  44  4:31  Starport  
  44  4:32  Factory Tech Lab  
  44  4:41  Marine  
  44  4:42  Marine  
  44  4:43  Marauder  
  44  4:44  Marine  
  50  4:45  SCV  
  50  4:50  Orbital Command  
  50  4:57  SCV  
  49  5:04  Marauder  
  43  5:10  Marine x3  
  43  5:11  Marine  
  41  5:25  Marauder  
  41  5:28  Marine x3  
  45  5:29  Marine  
  45  5:32  SCV x2  
  49  5:44  SCV x2  
Show
View Real Time Build Order
Export as new Build Order

孤猎 Terran - Winner!

Build Orders:  

Get SALT Encoding   

  12  0:03  SCV  
  13  0:15  SCV  
  13  0:19  Supply Depot  
  14  0:27  SCV  
  15  0:42  Barracks  
  15  0:44  SCV  
  15  0:47  Refinery  
  16  0:56  SCV  
  17  1:08  Barracks, SCV  
  18  1:20  SCV  
  18  1:21  Refinery  
  19  1:31  Supply Depot  
  19  1:32  SCV, Barracks Reactor  
  20  1:44  SCV  
  21  1:54  Barracks Tech Lab  
  21  1:56  SCV  
  22  2:04  Factory  
  22  2:08  SCV  
  22  2:12  Marine x2  
  22  2:15  Marine  
  27  2:23  Stimpack  
  27  2:27  Orbital Command  
  26  2:31  Marine  
  26  2:34  Marine  
  28  2:40  Marine  
  29  2:50  Starport  
  29  2:52  Factory Reactor  
  29  2:53  Marine  
  29  2:57  Marine  
  31  3:11  Supply Depot  
  31  3:24  Supply Depot  
  31  3:32  Marine x3  
  34  3:36  Supply Depot  
  34  3:38  Medivac x2  
  34  3:40  Factory Tech Lab  
  38  3:50  Marine x2  
  40  4:01  Siege Tank  
  43  4:13  Marine  
  43  4:14  Marine x2  
  46  4:29  Command Center  
  46  4:30  Marine  
  47  4:39  Medivac  
  41  5:07  Marine x3  
  41  5:25  Marine x3  
  41  5:28  Medivac  
Tags
 
League
Gold
Matchup
TvT
Race
Terran
Replay Pack
Multiplayer
Spawn Locations
Cross Positions
Add a new tag
Caveats
  • Supply blocks, unpowered buildings, or Contaminate may cause inaccurate times.
  • Supply counts are checked every 10 seconds.